 Dungeon Crawl Stone Soup version 0.28-a0-1128-gb845255321 (webtiles) character file.

Game seed: 10983910246853996938

19 LadyOphelia the Grasshopper (level 2, 23/23 HPs)
             Began as a Palentonga Warper on Dec 12, 2021.
             Quit the game on level 1 of the Dungeon.
             The game lasted 00:04:16 (917 turns).

LadyOphelia the Grasshopper (Palentonga Warper)      Turns: 917, Time: 00:04:16

Health: 23/23      AC:  4    Str: 14    XL:     2   Next: 55%
Magic:  5/5        EV:  9    Int: 13    God:
Gold:   13         SH:  0    Dex:  9    Spells: 3/5 levels left

rFire   . . .      SeeInvis +   a - +0 hand axe
rCold   . . .      Faith    .   (no shield)
rNeg    . . .      Spirit   .   b - +0 leather armour
rPois   .          Reflect  .   (no helmet)
rElec   .          Harm     .   (no cloak)
rCorr   .          Rampage  .   (no gloves)
Will    .....                   (no barding)
Stlth   +.........              (no amulet)
HPRegen 0.07/turn               (no ring)
MPRegen 0.09/turn               (no ring)

@: no status effects
A: large, rugged brown scales 3, see invisible, deformed body, roll 1, armoured
tail
a: Rolling Charge


You were on level 1 of the Dungeon.
You visited 1 branch of the dungeon, and saw 1 of its levels.

You collected 13 gold pieces.

Inventory:

Hand Weapons
 a - a +0 hand axe (weapon)
Missiles
 d - 5 boomerangs of dispersal (quivered)
Armour
 b - a +0 leather armour (worn)
Jewellery
 g - a ring of willpower
Scrolls
 c - a scroll of blinking
 e - a scroll of noise {unknown}
 f - a scroll of teleportation {unknown}


   Skills:
 * Level 2.2 Fighting
 + Level 2.1 Axes
 + Level 0.6 Throwing
 + Level 0.8 Armour
 + Level 1.7 Dodging
 + Level 2.1 Spellcasting
 + Level 3.4 Translocations


You had 3 spell levels left.
You knew the following spells:

 Your Spells              Type           Power      Damage    Failure   Level
a - Blink                 Tloc           20%        N/A       11%         2

Your spell library contained the following spells:

 Spells                   Type           Power      Damage    Failure   Level
 Gell's Gravitas          Tloc           10%        N/A       22%         3
 Lesser Beckoning         Tloc           10%        N/A       22%         3
 Teleport Other           Tloc           10%        N/A       22%         3
 Manifold Assault         Tloc           10%        N/A       90%         5


Dungeon Overview and Level Annotations

Branches:
Dungeon (1/15)

Altars:


Innate Abilities, Weirdness & Mutations

You are completely covered in rugged brown scales. (AC +3, +7% HP)
You have supernaturally acute eyesight. (SInv)
Armour fits poorly on your strangely shaped body.
You can roll at nearby foes to attack.
You have a long armoured tail.


Message History

You now have 13 gold pieces.
You see here a +0 mace.
As you open the door, it creaks loudly!
There is an open door here.
e - a scroll labelled ZOXYLOR FUIK
f - a scroll labelled YTHRIEBB YFRA You open the door.
There is an open door here.
Found a stone staircase leading down.
A goblin comes into view. It is wielding a +0 dagger.
The goblin shouts!
A goblin is nearby!
A goblin is nearby!
A goblin is nearby!
A goblin is nearby!
There is a stone staircase leading down here.
The goblin hits you with a +0 dagger.
You hit the goblin.
You kill the goblin!
Things that are here:
a +0 dagger; a goblin corpse HP restored.
You open the door.
There is an open door here.
A bat comes into view.
The bat hits you but does no damage.
You closely miss the bat. The bat hits you but does no damage.
The bat barely misses you. The bat closely misses you.
You miss the bat. The bat hits you but does no damage. x3
The bat hits you but does no damage.
You hit the bat.
You kill the bat!
You see here a bat corpse.
g - a ring of willpower Unknown command.
Are you sure you want to abandon this character and quit the game? (Confirm with "yes".)
Okay, then.
Unknown command.
Are you sure you want to abandon this character and quit the game? (Confirm with "yes".)

#.# #.# #.# #†#
#.# #.# #### #.#
...# #.#
##.######## #@#
≈≈≈.≈≈≈≈≈≈# #.#
≈≈≈≈.≈≈≈≈≈≈## #.#
≈≈≈≈.≈≈≈≈≈≈≈## #.#
8≈≈.≈≈≈≈≈8≈≈≈# #.#
≈≈.≈≈≈≈≈≈≈≈≈≈###.#
≈≈.≈≈≈≈≈≈≈≈≈≈.##.#
≈≈.≈≈≈≈≈≈≈≈≈≈....#
≈≈≈..>≈≈≈≈≈≈≈#


There were no monsters in sight!

Vanquished Creatures
  3 ball pythons (D:1)
  3 bats (D:1)
  An endoplasm (D:1)
  A giant cockroach (D:1)
  2 goblins (D:1)
  2 hobgoblins (D:1)
  3 frilled lizards (D:1)
  A kobold (D:1)
  3 rats (D:1)
19 creatures vanquished.

Notes
Turn   | Place    | Note
-------+----------+-------------------------------------------
     0 | D:1      | LadyOphelia the Palentonga Warper began the quest for the
                  | Orb.
     0 | D:1      | Reached XP level 1. HP: 17/17 MP: 3/3
   174 | D:1      | Reached XP level 2. HP: 6/23 MP: 5/5
   722 | D:1      | Learned a level 2 spell: Blink
   917 | D:1      | Quit the game

Illustrated notes

Levels and vault maps discovered:
D:1:      nzn_arrival_water_spiral, layout_basic

Action                   || total
-------------------------++-------
Melee: Hand axe          ||    48
       Tailslap          ||     4
 Cast: Blink             ||     1
Armor: Leather armour    ||    28
Dodge: Dodged            ||    38

Table legend: (Time is in decaauts)
 A = Elapsed time spent in this place.
 B = Non-inter-level travel time spent in this place.
 C = Inter-level travel time spent in this place.
 D = Time resting spent in this place.
 E = Time spent auto-exploring this place.
 F = Levels seen in this place.
 G = Mean time per level.
                   A        B        C        D        E       F      G
               +--------+--------+--------+--------+--------+-----+--------+
         Total |    926 |    926 |      0 |    511 |    229 |   1 |  926.0 |
       Dungeon |    926 |    926 |      0 |    511 |    229 |   1 |  926.0 |
               +--------+--------+--------+--------+--------+-----+--------+

Top non-repeatable levels by time:
     D:1: 926 daAuts
